 Dungeon Crawl Stone Soup version 0.28-a0-834-g1a73be5ee4 (webtiles) character file.

Game seed: 5263589611636418602

428152 sojurn the Hoplite (level 22, -2/214 HPs)
             Began as a Minotaur Berserker on Nov 10, 2021.
             Was an Elder of Trog.
             Slain by a quicksilver dragon simulacrum (23 damage)
             ... on level 2 of the Depths on Nov 12, 2021.
             The game lasted 06:28:23 (73121 turns).

sojurn the Hoplite (Minotaur Berserker)            Turns: 73121, Time: 06:28:24

Health: -2/214     AC: 47    Str: 37    XL:     22   Next: 78%
Magic:  21/21      EV: 18    Int:  4    God:    Trog [****..]
Gold:   2330       SH: 33    Dex: 16    Spells: 21/21 levels left

rFire   . . .      SeeInvis +   Z - +12 long sword of the Elven Halls {drain, rElec rCorr Dex+4 Stlth+}
rCold   . . .      Faith    .   k - +8 tower shield {reflect}
rNeg    + + +      Spirit   .   V - +9 crystal plate armour of Sif Muna's Wrath {rElec Str+3}
rPois   +          Reflect  +   g - +2 hat
rElec   +          Harm     .   c - +2 cloak {rPois}
rCorr   +          Rampage  .   O - +1 pair of gloves of Action {rN++ Will+}
Will    ++++.                   T - +1 pair of boots
Stlth   ..........              W - amulet of the acrobat
HPRegen 1.45/turn               b - ring of the Establishment {rCorr Str+6 SInv}
MPRegen 0.17/turn               t - ring "Madoy" {Fly rN+ rCorr Dex-2 Stlth+}

@: strong-willed, flying, regenerating, studying 2 skills
A: horns 2, retaliatory headbutt, subdued magic 1
}: 2/15 runes: decaying, serpentine
a: Renounce Religion, Berserk, Trog's Hand, Brothers in Arms


You were on level 2 of the Depths.
You worshipped Trog.
Trog was greatly pleased with you.
You visited 9 branches of the dungeon, and saw 43 of its levels.
You visited the Abyss 1 time.
You visited 2 bazaars.
You also visited: Bailey, Gauntlet, Volcano and Wizlab.

You collected 5186 gold pieces.
You spent 2856 gold pieces at shops.

Inventory:

Hand Weapons
 p - the +8 scimitar of Oza Govi {vamp, rPois Dex+2}
   (You found it on level 3 of the Crypt)

   It occasionally heals its wielder for a portion of the damage dealt when it
   wounds a living foe.
   Dex:       It affects your dexterity (+2).
   rPois:     It protects you from poison.
 Y - the +9 sword of Zonguldrok {reap}
   (You found it in a wizard's laboratory)

   Any living foe damaged by it may be reanimated upon death as a zombie
   friendly to the wielder, with an increasing chance as more damage is dealt.
 Z - the +12 long sword of the Elven Halls (weapon) {drain, rElec rCorr Dex+4 Stlth+}
   (You took it off a deep elf demonologist on level 3 of the Elven Halls)

   A truly terrible weapon, it drains the life of any living foe it strikes.
   Dex:       It affects your dexterity (+4).
   rElec:     It insulates you from electricity.
   rCorr:     It protects you from acid and corrosion.
   Stlth:     It makes you more stealthy.
Armour
 c - a +2 cloak of poison resistance (worn)
 g - a +2 hat (worn)
 k - a +8 tower shield of reflection (worn)
 O - the +1 pair of gloves of Action (worn) {rN++ Will+}
   (You bought it in a shop on level 2 of the Vaults)

   rN:        It greatly protects you from negative energy.
   Will:      It increases your willpower.
 T - a +1 pair of boots (worn)
 V - the +9 crystal plate armour of Sif Muna's Wrath (worn) {rElec Str+3}
   (You took it off a minotaur in a Gauntlet)

   Str:       It affects your strength (+3).
   rElec:     It insulates you from electricity.
Jewellery
 a - the amulet of Ramures {Reflect rC+ SH+5}
   (You found it on level 3 of the Crypt)

   [amulet of reflection]

   It reflects blocked missile attacks.
   rC:        It protects you from cold.
   SH:        It affects your SH (+5).
 b - the ring of the Establishment (left hand) {rCorr Str+6 SInv}
   (You bought it in a shop on level 4 of the Vaults)

   [ring of see invisible]

   Str:       It affects your strength (+6).
   SInv:      It lets you see invisible.
   rCorr:     It protects you from acid and corrosion.
 d - the ring "Urghaf" {rPois rN+ Dex-4 SInv}
   (You found it on level 3 of the Crypt)

   [ring of positive energy]

   Dex:       It affects your dexterity (-4).
   rPois:     It protects you from poison.
   rN:        It protects you from negative energy.
   SInv:      It lets you see invisible.
 e - a ring of protection from fire
 f - a ring of protection from cold
 t - the ring "Madoy" (right hand) {Fly rN+ rCorr Dex-2 Stlth+}
   (You acquired it on level 3 of the Dungeon)

   [ring of positive energy]

   Dex:       It affects your dexterity (-2).
   rN:        It protects you from negative energy.
   Fly:       It grants you flight.
   rCorr:     It protects you from acid and corrosion.
   Stlth:     It makes you more stealthy.
 H - the ring of Contentment {Fly Will+ Str+6}
   (You took it off a naga mage on level 2 of the Snake Pit)

   [ring of strength]

   Str:       It affects your strength (+6).
   Fly:       It grants you flight.
   Will:      It increases your willpower.
 W - an amulet of the acrobat (around neck)
Wands
 n - a wand of mindburst (10)
 y - a wand of digging (19)
 A - a wand of charming (20) (quivered)
 E - a wand of paralysis (9)
 S - a wand of polymorph (56)
Scrolls
 h - 5 scrolls of magic mapping
 i - 4 scrolls of fear
 m - 7 scrolls of teleportation
 u - 12 scrolls of amnesia
 v - 9 scrolls of fog
 w - 2 scrolls of summoning
 z - 14 scrolls of blinking
 F - a scroll of holy word
 K - 18 scrolls of identify
 P - 7 scrolls of enchant weapon
 Q - 2 scrolls of enchant armour
 X - 3 scrolls of silence
Potions
 j - 8 potions of curing
 o - 2 potions of cancellation
 r - a potion of berserk rage
 s - 3 potions of invisibility
 C - a potion of ambrosia
 I - 3 potions of resistance
 J - 2 potions of magic
 M - 11 potions of might
Miscellaneous
 l - a tin of tremorstones (2/2)
 x - a box of beasts
 D - a piece from Xom's chessboard (15/15)


   Skills:
 - Level 21.7 Fighting
 + Level 20.1 Long Blades
 - Level 9.7(9.8) Axes
 - Level 1.1(6.3) Maces & Flails
 - Level 1.5(1.7) Staves
 - Level 1.0(1.2) Slings
 - Level 1.0 Bows
 - Level 0.7 Crossbows
 - Level 1.1(1.3) Throwing
 - Level 20.0 Armour
 - Level 22.6 Dodging
 - Level 2.7 Stealth
 - Level 25.6 Shields
 - Level 0.5 Invocations
 - Level 0.1 Evocations


You had 21 spell levels left.
You didn't know any spells.
Your spell library contained the following spells:

 Spells                   Type           Power      Damage    Failure   Level
 Animate Skeleton         Necr           0%         N/A       98%         1
 Foxfire                  Conj/Fire      0%         2x1d4     98%         1
 Magic Dart               Conj           0%         1d3       98%         1
 Pain                     Necr           0%         1d4       98%         1
 Shock                    Conj/Air       0%         1d3       98%         1
 Slow                     Hex            0%         N/A       98%         1
 Summon Small Mammal      Summ           0%         N/A       98%         1
 Blink                    Tloc           0%         N/A       99%         2
 Call Imp                 Summ           0%         N/A       99%         2
 Corpse Rot               Necr/Air       0%         N/A       99%         2
 Ensorcelled Hibernation  Hex/Ice        0%         N/A       99%         2
 Passwall                 Tmut/Erth      0%         N/A       99%         2
 Poisonous Vapours        Pois/Air       0%         N/A       99%         2
 Static Discharge         Conj/Air       0%         N/A       99%         2
 Sublimation of Blood     Necr           0%         N/A       99%         2
 Call Canine Familiar     Summ           0%         N/A       100%        3
 Confusing Touch          Hex            0%         N/A       100%        3
 Conjure Flame            Conj/Fire      0%         6-21      100%        3
 Frozen Ramparts          Ice            0%         1d2       100%        3
 Gell's Gravitas          Tloc           0%         N/A       100%        3
 Ignite Poison            Fire/Tmut/Pois 0%         N/A       100%        3
 Inner Flame              Hex/Fire       0%         N/A       100%        3
 Lesser Beckoning         Tloc           0%         N/A       100%        3
 Mephitic Cloud           Conj/Pois/Air  0%         N/A       100%        3
 Portal Projectile        Hex/Tloc       0%         N/A       100%        3
 Spider Form              Tmut/Pois      0%         N/A       100%        3
 Stone Arrow              Conj/Erth      0%         3d7       100%        3
 Summon Guardian Golem    Hex/Summ       0%         N/A       100%        3
 Swiftness                Air            0%         N/A       100%        3
 Teleport Other           Tloc           0%         N/A       100%        3
 Vampiric Draining        Necr           0%         2d6       100%        3
 Airstrike                Air            0%         N/A       100%        4
 Animate Armour           Summ/Erth      0%         N/A       100%        4
 Animate Dead             Necr           0%         N/A       100%        4
 Flame Wave               Conj/Fire      0%         3d3       100%        4
 Fulminant Prism          Conj/Hex       0%         3d6       100%        4
 Ice Form                 Ice/Tmut       0%         N/A       100%        4
 Iskenderun's Mystic Bla  Conj/Tloc      0%         2d3       100%        4
 Leda's Liquefaction      Hex/Erth       0%         N/A       100%        4
 Passage of Golubria      Tloc           0%         N/A       100%        4
 Petrify                  Tmut/Erth      0%         N/A       100%        4
 Summon Ice Beast         Ice/Summ       0%         N/A       100%        4
 Summon Lightning Spire   Summ/Air       0%         N/A       100%        4
 Agony                    Necr           0%         N/A       100%        5
 Alistair's Intoxication  Tmut/Pois      0%         N/A       100%        5
 Blade Hands              Tmut           0%         N/A       100%        5
 Borgnjor's Vile Clutch   Necr/Erth      0%         N/A       100%        5
 Excruciating Wounds      Necr           0%         N/A       100%        5
 Freezing Cloud           Conj/Ice/Air   0%         6-21      100%        5
 Irradiate                Conj/Tmut      0%         3d13      100%        5
 Iskenderun's Battlesphe  Conj           0%         2d6       100%        5
 Lee's Rapid Deconstruct  Erth           0%         3d5*      100%        5
 Lightning Bolt           Conj/Air       0%         1d11      100%        5
 Manifold Assault         Tloc           0%         N/A       100%        5
 Metabolic Englaciation   Hex/Ice        0%         N/A       100%        5
 Silence                  Hex/Air        0%         N/A       100%        5
 Conjure Ball Lightning   Conj/Air       0%         3x3d6     100%        6
 Dispersal                Tloc           0%         N/A       100%        6
 Eringya's Noxious Bog    Tmut/Pois      0%         N/A       100%        6
 Iron Shot                Conj/Erth      0%         9d1       100%        6
 Statue Form              Tmut/Erth      0%         N/A       100%        6
 Haunt                    Necr/Summ      0%         N/A       100%        7
 Malign Gateway           Summ/Tloc      0%         N/A       100%        7
 Spellforged Servitor     Conj/Summ      0%         N/A       100%        7
 Storm Form               Tmut/Air       0%         N/A       100%        7
 Discord                  Hex            0%         N/A       100%        8
 Disjunction              Tloc           0%         N/A       100%        8
 Infestation              Necr           0%         N/A       100%        8
 Lehudib's Crystal Spear  Conj/Erth      0%         10d2      100%        8
 Maxwell's Capacitive Co  Air            0%         ∞         100%        8
 Summon Horrible Things   Summ           0%         N/A       100%        8


Dungeon Overview and Level Annotations

Branches:
Dungeon (15/15)            Temple (0/1) D:5            Lair (6/6) D:9
  Swamp (4/4) Lair:3        Snake (4/4) Lair:3        Slime (0/5) Lair:6
    Orc (2/2) D:11            Elf (3/3) Orc:2        Vaults (4/5) D:14
  Crypt (3/3) Vaults:3       Tomb (0/3) Crypt:3      Depths (2/4) D:15
 Bailey (visited)         Volcano (visited)          WizLab (visited)
Gauntlet (visited)

Altars:
Cheibriados
Dithmenos
Fedhas
Trog
Vehumet
Xom
Beogh
Lugonu

Shops:
D:3 ?   D:6 =   D:8 [   D:12 *   D:13 ?   Orc:2 [(=*   Elf:2 [   Snake:3 [[[
Vaults:2 [   Vaults:4 (===

Portals:
Abyss: Lair:6


Innate Abilities, Weirdness & Mutations

You have a pair of horns on your head.
You reflexively headbutt those who attack you in melee.
Your spells are a little easier to cast, but a little less powerful.


Message History

You block the quicksilver dragon simulacrum's attack.
You slice the spectral caustic shrike!!
The spectral caustic shrike is almost destroyed.
You block the spectral caustic shrike's attack. x3
The spectral caustic shrike completely misses you.
The quicksilver dragon simulacrum barely misses you.
The quicksilver dragon simulacrum misses you.
You slash the spectral caustic shrike!
You destroy the spectral caustic shrike!
Trog accepts your kill. The spectral caustic shrike claws you.
* * * LOW HITPOINT WARNING * * *
The deep troll completely misses you. You block the deep troll's attack. x2
You hit the spectral caustic shrike.
The spectral caustic shrike is lightly damaged.
You block the spectral caustic shrike's attack.
The quicksilver dragon simulacrum bites you!
* * * LOW HITPOINT WARNING * * *
The quicksilver dragon simulacrum freezes you!!!
* * * LOW HITPOINT WARNING * * *
You block the quicksilver dragon simulacrum's attack.
You block the deep troll's attack. The deep troll closely misses you.
The deep troll barely misses you.
You slash the spectral caustic shrike!
Your headbutt misses the spectral caustic shrike.
The spectral caustic shrike is lightly damaged.
The spectral caustic shrike closely misses you.
You block the quicksilver dragon simulacrum's attack.
The quicksilver dragon simulacrum completely misses you.
You block the spectral caustic shrike's attack.
You feel better.
You block the spectral caustic shrike's attack.
You block the quicksilver dragon simulacrum's attack. x2
The deep troll bites you but does no damage.
The deep troll claws you but does no damage.
The deep troll closely misses you. The spectral caustic shrike misses you.
The quicksilver dragon simulacrum bites you.
* * * LOW HITPOINT WARNING * * *
The quicksilver dragon simulacrum freezes you!!
You die...

##### +...≈≈W### ##(># ##..≈≈≈[.#
≈'!(# #....≈≈≈k#######. #####
#####....≈≈≈C≈≈.D.... ##..#
#........≈≈≈≈≈≈≈..... ≈'[>#
#.......≈≈≈≈≈≈≈≈≈....
#############.......≈≈≈≈≈≈≈≈≈≈≈..
≈≈≈≈#...........ZT..≈≈≈≈≈≈≈≈≈≈≈≈≈
≈≈≈≈≈≈≈≈≈.......@Z.≈≈≈##≈≈≈≈≈≈≈≈≈
≈≈≈≈≈≈≈≈≈≈≈≈≈..≈≈≈≈≈≈###≈≈≈≈≈≈≈≈≈
≈≈≈≈≈≈≈≈≈≈≈≈≈≈≈≈≈≈≈≈≈# ##≈≈≈≈≈≈≈≈
##≈≈≈≈≈≈≈≈≈≈≈≈≈≈≈≈≈≈≈##
###≈≈≈≈≈≈≈≈≈≈≈≈≈≈≈≈≈≈###≈
##≈≈≈≈≈≈≈≈≈≈≈≈≈≈≈≈≈≈≈≈≈
###≈≈≈≈≈≈≈≈##≈≈≈≈≈≈≈≈≈
##≈≈≈≈#≈≈###≈≈≈≈≈≈≈≈ #########
≈≈≈≈≈≈..#


You could see a deep troll, a spectral caustic shrike and a quicksilver dragon
simulacrum.

Vanquished Creatures
  A dread lich (Crypt:3)
  An ancient lich (WizLab)
  Saint Roka (Depths:1)
  Vashnia (Snake:4)
  A curse toe (Crypt:3)
  Nikola (Snake:4)
  2 tentacled monstrosities
  The ghost of Xafer the Impaler, an adept DsGl of Okawaru (Vaults:2)
  A deep elf blademaster (Elf:3)
  The ghost of Gemof the Thaumaturge, an adept DjWz of Ru (Vaults:2)
  4 liches
  A quicksilver dragon (Vaults:4)
  4 ancient champions
  Frances (Swamp:1)
  2 deep elf master archers (Elf:3)
  Kirke (Lair:6)
  3 sphinxes
  3 thorn hunters
  Donald (Snake:1)
  24 slime creatures
  Roxanne (Elf:3)
  The ghost of sojurn the Hoplite, an adept MiBe of Trog (Lair:4)
  2 frost giants
  6 nagarajas
  9 deep elf sorcerers
  Louise (Lair:3)
  11 vault wardens
  A caustic shrike zombie (Crypt:1)
  9 ghouls
  5 curse skulls
  A deep elf elementalist (Elf:3)
  2 orc warlords
  A juggernaut zombie (Crypt:3)
  Aizul (Vaults:3)
  2 spectral caustic shrikes (Depths:2)
  14 ironbound preservers
  A war gargoyle (Vaults:3)
  A reaper (Crypt:3)
  4 very ugly things
  The ghost of a11behringer the Peltast, a journeyman MiFi of Trog (Lair:6)
  7 vampire knights
  5 deep elf demonologists (Elf:3)
  17 dire elephants
  3 stone giants
  The ghost of Zdeegee the Imperceptible, a journeyman SpBr of Gozag (Lair:6)
  6 deep elf annihilators
  4 bunyips
  A minotaur (Gauntlet)
  3 entropy weavers
  6 eidola
  4 ettins
  Snorg (Lair:5)
  8 deep elf death magi
  5 deep elf high priests
  A fire dragon (Depths:2)
  Josephine (D:15)
  A spectral golden dragon (Depths:2)
  2 shambling mangroves
  7 jiangshi
  4 yaktaur captains
  5 eleionomae
  15 naga warriors
  A fenstrider witch zombie (Crypt:1)
  3 ironbound thunderhulks
  A great orb of eyes (Depths:1)
  A rakshasa (D:15)
  2 salamander tyrants (Snake:4)
  3 vault guards
  6 boulder beetles
  A juggernaut simulacrum (Crypt:1)
  28 hydras
  6 ironbound frosthearts
  A peacekeeper (Vaults:3)
  A spectral sphinx (Depths:2)
  A catoblepas (D:14)
  A spectral shadow dragon (Depths:2)
  4 alligators
  5 anacondas (Snake:3)
  13 centaur warriors
  4 death knights
  A spectral frost giant (Depths:2)
  34 dancing weapons
  10 two-headed ogres
  A deep troll shaman (Depths:1)
  A spectral spriggan (Depths:2)
  The ghost of BobbyCarnage the Spear-Bearer, a novice DsGl of Qazlal (Lair:1)
  A spriggan berserker (Swamp:1)
  6 tengu warriors
  2 orc high priests
  3 deep troll earth magi
  3 thrashing horrors (Lair:6)
  5 vampire magi
  22 naga sharpshooters
  A titan zombie (Crypt:3)
  A titan skeleton (Crypt:2)
  11 shock serpents
  Urug (D:14)
  A soul eater (Crypt:3)
  A shock serpent (shapeshifter) (Vaults:3)
  2 death drakes (Depths:2)
  6 salamander mystics
  21 deep elf knights
  A fire crab (shapeshifter) (D:14)
  7 goliath frogs
  3 iron trolls
  21 skeletal warriors
  10 bog bodies
  10 swamp dragons
  3 shadow wraiths
  2 spriggan druids
  31 deep trolls
  A quicksilver dragon simulacrum (Depths:2)
  16 wizards
  14 orc knights
  14 deep elf archers
  3 necromancers
  8 harpies (Vaults:1)
  8 naga ritualists
  3 flayed ghosts
  23 deep elf zephyrmancers
  13 phantasmal warriors
  A lindwurm (Vaults:3)
  9 ironbound convokers
  13 mana vipers
  30 deep elf pyromancers
  4 oklob plants
  3 orc sorcerers
  10 cyclopes
  11 manticores
  A salamander (shapeshifter) (D:14)
  2 shadow dragon skeletons (Crypt:3)
  40 ugly things
  3 will-o-the-wisps
  11 salamanders
  5 centaur zombies
  A frost giant skeleton (Crypt:1)
  An iron dragon skeleton (Crypt:2)
  A guardian serpent (shapeshifter) (D:13)
  13 elephants
  41 black mambas
  Joseph (D:10)
  17 naga magi
  9 vault sentinels
  5 toenail golems (Volcano)
  A water nymph (shapeshifter) (Depths:1)
  3 unseen horrors
  A gargoyle (D:13)
  A torpor snail (Lair:2)
  8 cane toads
  4 smoke demons
  Maggie (D:6)
  A kobold demonologist (D:12)
  10 komodo dragons
  2 dire elephant skeletons
  10 rime drakes
  5 tengu conjurers
  3 efreet
  A freezing wraith (D:15)
  22 yaktaurs
  A red devil (Gauntlet)
  An ancient zyme (Lair:6)
  8 trolls
  11 tyrant leeches
  A polar bear (shapeshifter) (Elf:3)
  2 polar bears
  2 jumping spiders (Vaults:3)
  18 hornets
  Grinder (D:5)
  Prince Ribbit (D:5)
  8 dream sheep
  23 blink frogs
  A jumping spider zombie (Crypt:3)
  A raiju (shapeshifter) (D:14)
  9 small abominations (Lair:6)
  A satyr skeleton (Crypt:2)
  8 redbacks (Vaults:1)
  Sigmund (D:2)
  A black mamba zombie (Crypt:1)
  2 vampires (WizLab)
  2 shadows
  7 air elementals
  3 flying skulls (Crypt:3)
  24 spriggans
  17 wraiths
  2 ynoxinuls
  9 wyverns
  14 basilisks
  An ettin skeleton (Crypt:1)
  5 water elementals
  A wind drake zombie (Crypt:1)
  5 hogs (Lair:6)
  A black mamba skeleton (Crypt:2)
  A neqoxec (Abyss:2)
  A tyrant leech zombie (Crypt:1)
  9 humans (D:14)
  2 fire elementals
  4 chaos spawn (Lair:6)
  43 yaks
  A steam dragon (D:6)
  Menkaure (D:6)
  18 swamp worms
  7 vampire mosquitoes
  A harpy simulacrum (D:14)
  5 wargs
  5 two-headed ogre zombies (WizLab)
  38 nagas
  An orb spider zombie (Crypt:3)
  8 acid dragons
  17 water moccasins
  6 swamp drakes
  3 black bears (D:9)
  52 orc warriors
  2 sky beasts
  A boggart (Lair:4)
  3 necrophages
  A black mamba simulacrum (Crypt:1)
  An ice beast (D:5)
  A fire dragon simulacrum (Crypt:1)
  5 ogres
  A wolf (Lair:4)
  6 centaurs
  A blink frog skeleton (Crypt:1)
  A phantom (D:6)
  A hog skeleton (Crypt:2)
  A komodo dragon zombie (Crypt:3)
  2 kobold brigands (D:11)
  A rime drake skeleton (Crypt:3)
  Blork the orc (D:6)
  A cyclops zombie (Crypt:3)
  15 bullfrogs
  2 gnoll sergeants (D:10)
  4 earth elementals
  2 scorpions
  8 troll zombies (WizLab)
  A killer bee (D:10)
  13 wights
  8 howler monkeys
  A wolf zombie (Crypt:3)
  3 electric eels
  2 crimson imps (Gauntlet)
  7 jellies
  3 hounds
  13 orc priests
  3 centaur skeletons
  2 gnoll shamans
  An iguana (D:4)
  22 orc wizards
  11 hell rats
  6 ogre zombies (WizLab)
  A deep dwarf skeleton (Crypt:2)
  2 naga skeletons
  A hound zombie (D:5)
  A hound skeleton (D:5)
  2 howler monkey zombies
  27 gnolls
  6 adders
  A steam dragon skeleton (Crypt:1)
  A shadow imp (D:6)
  3 white imps
  4 ufetubi
  A halfling zombie (Crypt:2)
  A worm (D:2)
  An adder skeleton (Crypt:1)
  2 dart slugs
  89 orcs
  9 bats
  8 endoplasms
  3 giant cockroaches
  13 goblins
  9 hobgoblins
  6 jackals (D:4)
  2 quokkas
  10 ball pythons
  A ball python zombie (Crypt:3)
  2 frilled lizards
  A frilled lizard skeleton (Crypt:2)
  13 kobolds
  A quokka skeleton (Crypt:2)
  A quokka zombie (Crypt:3)
  4 rats
1747 creatures vanquished.

Vanquished Creatures (collateral kills)
  A dread lich (Crypt:3)
  A deep elf elementalist (Elf:3)
2 creatures vanquished.

Vanquished Creatures (others)
  A deep elf demonologist (Elf:1)
  A naga sharpshooter (Snake:4)
  2 deep elf knights (Elf:1)
  A salamander mystic (Snake:2)
  2 deep elf pyromancers
  2 deep elf zephyrmancers
  A cyclops (D:11)
  A manticore (D:11)
  A bloated husk (Swamp:2)
  A hornet (Swamp:1)
  A spriggan (Swamp:1)
  A centaur simulacrum (D:13)
  8 humans
  A water moccasin (Lair:6)
  A briar patch (Swamp:4)
  13 demonic plants (Gauntlet)
  25 foxfires
  95 fungi
  77 plants
  5 withered plants (Crypt:3)
240 creatures vanquished.

Grand Total: 1989 creatures vanquished

Notes
Turn   | Place    | Note
-------+----------+-------------------------------------------
     0 | D:1      | sojurn the Minotaur Berserker began the quest for the Orb.
     0 | D:1      | Reached XP level 1. HP: 19/19 MP: 0/0
   522 | D:1      | Reached XP level 2. HP: 20/27 MP: 1/1
   617 | D:1      | Found a faded altar of an unknown god.
  3762 | D:1      | Reached XP level 3. HP: 33/33 MP: 2/2
  4236 | D:2      | Noticed Sigmund
  4288 | D:2      | Reached ** piety under Trog
  4299 | D:2      | Killed Sigmund
  4300 | D:2      | Reached skill level 5 in Axes
  4300 | D:2      | Reached skill level 1 in Stealth
  4300 | D:2      | Reached XP level 4. HP: 32/41 MP: 3/3
  4300 | D:2      | Reached XP level 5. HP: 37/47 MP: 4/4
  5040 | D:3      | Found Jistisk's Magic Scroll Boutique.
  5336 | D:3      | Noticed an ogre
  5344 | D:3      | Killed an ogre
  5345 | D:3      | Reached skill level 5 in Armour
  5345 | D:3      | Reached XP level 6. HP: 53/53 MP: 5/5
  6496 | D:4      | Reached skill level 5 in Fighting
  6783 | D:4      | Reached XP level 7. HP: 61/61 MP: 6/6
  7322 | D:5      | Entered Level 5 of the Dungeon
  7468 | D:5      | Noticed Grinder
  7478 | D:5      | Paralysed by Grinder for 5 turns
  7495 | D:5      | Killed Grinder
  7837 | D:5      | Found a staircase to the Ecumenical Temple.
  7845 | D:5      | Found a bloodstained altar of Trog.
  7924 | D:5      | Reached XP level 8. HP: 62/70 MP: 7/7
  8523 | D:6      | Noticed Prince Ribbit
  8533 | D:6      | Noticed Maggie
  8659 | D:5      | Killed Prince Ribbit
  8715 | D:6      | Killed Maggie
  8716 | D:6      | Reached skill level 5 in Dodging
  9319 | D:6      | Reached XP level 9. HP: 79/79 MP: 8/8
  9349 | D:6      | Noticed Menkaure
  9357 | D:6      | Killed Menkaure
  9397 | D:6      | Noticed Blork the orc
  9409 | D:6      | Killed Blork the orc
  9414 | D:6      | Identified the +9 scimitar of Popular Demand {drain, rPois
                  | rC- Int+4}
  9665 | D:6      | Reached skill level 1 in Long Blades
  9794 | D:6      | Found Razaum's Jewellery Shop.
  9941 | D:6      | Found a radiant altar of Vehumet.
  9942 | D:6      | Found a snail-covered altar of Cheibriados.
 10604 | D:7      | Reached skill level 5 in Long Blades
 10695 | D:7      | Found a flagged portal.
 10705 | Bailey   | Entered a bailey
 10711 | Bailey   | Noticed an orc knight
 10846 | Bailey   | Reached *** piety under Trog
 10956 | Bailey   | Killed an orc knight
 10957 | Bailey   | Reached XP level 10. HP: 88/88 MP: 9/9
 11667 | D:7      | Reached skill level 1 in Shields
 11872 | D:8      | Noticed a deep elf pyromancer
 11881 | D:8      | Reached skill level 2 in Shields
 11882 | D:8      | Killed a deep elf pyromancer
 12029 | D:8      | Identified the +5 fustibalus of Uduin {flame, Contam rElec
                  | Will- Str+6}
 12398 | D:8      | Identified the +3 chain mail "Ameann" {rElec rF+}
 12427 | D:8      | Reached skill level 3 in Shields
 12495 | D:8      | Found Xeephiyc's Armour Shoppe.
 12513 | D:8      | Bought a +0 kite shield of protection for 138 gold pieces
 12697 | D:9      | Reached skill level 10 in Long Blades
 12718 | D:9      | Found a staircase to the Lair.
 12736 | D:9      | Reached skill level 4 in Shields
 13231 | D:9      | Noticed a two-headed ogre
 13284 | D:8      | Killed a two-headed ogre
 13285 | D:8      | Reached skill level 5 in Shields
 13285 | D:8      | Reached XP level 11. HP: 95/97 MP: 10/10
 14233 | D:10     | Entered Level 10 of the Dungeon
 14258 | D:10     | Noticed Joseph
 14269 | D:10     | Killed Joseph
 14290 | D:10     | Identified the +0 plate armour of Gucrucysu {Harm Will++}
 14531 | D:10     | Reached skill level 6 in Shields
 14544 | D:10     | Identified the +6 trident of Rymuri {vorpal, rCorr Str+4
                  | Stlth+}
 14615 | D:10     | Noticed a two-headed ogre
 14622 | D:10     | Killed a two-headed ogre
 14715 | D:10     | Reached skill level 10 in Fighting
 15016 | D:11     | Found a staircase to the Orcish Mines.
 15022 | D:11     | Reached skill level 7 in Shields
 15113 | D:11     | Identified the +6 plate armour of Iczod {rC+ Will+ Int+3
                  | Stlth-}
 15176 | D:11     | Found a gate leading to a gauntlet.
 15180 | Gauntlet | Entered a Gauntlet
 15180 | Gauntlet | Found a transporter.
 15188 | Gauntlet | Noticed a tengu warrior
 15195 | Gauntlet | Found a transporter.
 15205 | Gauntlet | Found a transporter.
 15210 | Gauntlet | Found a transporter.
 15210 | Gauntlet | Noticed a large abomination
 15225 | Gauntlet | Found a transporter.
 15244 | Gauntlet | Found a transporter.
 15256 | Gauntlet | Found a transporter.
 15261 | Gauntlet | Found a transporter.
 15263 | Gauntlet | Found a transporter.
 15279 | Gauntlet | Noticed an entropy weaver
 15282 | Gauntlet | Found a transporter.
 15294 | Gauntlet | Found a transporter.
 15299 | Gauntlet | Noticed a lindwurm
 15306 | Gauntlet | Found a transporter.
 15306 | Gauntlet | Noticed an obsidian statue
 15310 | Gauntlet | Noticed an orb spider
 15310 | Gauntlet | a meliai changed into an orb spider
 15323 | Gauntlet | Found a transporter.
 15340 | Gauntlet | Found a transporter.
 15342 | Gauntlet | Found a transporter.
 15369 | Gauntlet | Found a transporter.
 15371 | Gauntlet | Found a transporter.
 15415 | Gauntlet | Killed a tengu warrior
 15421 | Gauntlet | Found a transporter.
 15539 | Gauntlet | Noticed a fenstrider witch
 15608 | Gauntlet | Noticed a death yak
 15608 | Gauntlet | Noticed a storm dragon
 15608 | Gauntlet | a death yak changed into a storm dragon
 15610 | Gauntlet | Noticed a minotaur
 15610 | Gauntlet | a storm dragon changed into a minotaur
 15611 | Gauntlet | Noticed a catoblepas
 15611 | Gauntlet | a minotaur changed into a catoblepas
 15612 | Gauntlet | Noticed a five-headed hydra
 15612 | Gauntlet | a catoblepas changed into a five-headed hydra
 15613 | Gauntlet | Noticed a satyr
 15613 | Gauntlet | a five-headed hydra changed into a satyr
 15615 | Gauntlet | Noticed a bunyip
 15615 | Gauntlet | a satyr changed into a bunyip
 15617 | Gauntlet | Noticed a spark wasp
 15617 | Gauntlet | a bunyip changed into a spark wasp
 15618 | Gauntlet | Noticed a bunyip
 15618 | Gauntlet | a spark wasp changed into a bunyip
 15619 | Gauntlet | Noticed an anaconda
 15619 | Gauntlet | a bunyip changed into an anaconda
 15624 | Gauntlet | Noticed a mana viper
 15624 | Gauntlet | an anaconda changed into a mana viper
 15625 | Gauntlet | Noticed a fire crab
 15625 | Gauntlet | a mana viper changed into a fire crab
 15629 | Gauntlet | a fire crab changed into a tarantella
 15634 | Gauntlet | Noticed a swamp dragon
 15634 | Gauntlet | a tarantella changed into a swamp dragon
 15644 | Gauntlet | Noticed an orb spider
 15644 | Gauntlet | a blink frog changed into an orb spider
 15647 | Gauntlet | an orb spider changed into a polar bear
 15656 | Gauntlet | Noticed an orb spider
 15656 | Gauntlet | a raiju changed into an orb spider
 15658 | Gauntlet | Noticed a fire crab
 15658 | Gauntlet | an orb spider changed into a fire crab
 15659 | Gauntlet | a swamp dragon changed into a dream sheep
 15669 | Gauntlet | Noticed a mana viper
 15669 | Gauntlet | a fire crab changed into a mana viper
 15671 | Gauntlet | Noticed a sea snake
 15671 | Gauntlet | a moth of wrath changed into a sea snake
 15671 | Gauntlet | a mana viper changed into a torpor snail
 15938 | Gauntlet | Identified the +9 trident "Kettug" {pain, rElec rPois rC+}
 15938 | Gauntlet | Identified the +9 crystal plate armour of Sif Muna's Wrath
                  | {rElec Str+3}
 15938 | Gauntlet | Noticed a minotaur
 15960 | Gauntlet | Killed a minotaur
 15961 | Gauntlet | Reached skill level 8 in Shields
 16129 | D:11     | Noticed a cyan ugly thing
 16130 | D:11     | Noticed a two-headed ogre
 16136 | D:11     | Killed a cyan ugly thing
 16140 | D:11     | Killed a two-headed ogre
 16167 | D:11     | Reached XP level 12. HP: 107/107 MP: 11/11
 16350 | D:11     | Noticed a boulder beetle
 16372 | D:11     | Killed a boulder beetle
 16441 | D:11     | Reached skill level 9 in Shields
 16497 | D:11     | Noticed a two-headed ogre
 16503 | D:11     | Killed a two-headed ogre
 16523 | D:11     | Reached skill level 10 in Armour
 16618 | D:11     | Reached skill level 10 in Shields
 16808 | D:11     | Noticed a stone giant
 16821 | D:11     | Killed a stone giant
 16822 | D:11     | Noticed an ettin
 16831 | D:11     | Noticed an ettin
 16837 | D:11     | Killed an ettin
 16841 | D:11     | Killed an ettin
 16865 | D:11     | Noticed a two-headed ogre
 16866 | D:11     | Noticed an ettin
 16875 | D:11     | Killed a two-headed ogre
 16878 | D:11     | Killed an ettin
 16894 | D:11     | Reached skill level 11 in Shields
 16912 | D:11     | Noticed a two-headed ogre
 16922 | D:11     | Killed a two-headed ogre
 16931 | D:11     | Noticed a two-headed ogre
 16938 | D:11     | Killed a two-headed ogre
 16953 | D:11     | Noticed a two-headed ogre
 16958 | D:11     | Killed a two-headed ogre
 16979 | D:11     | Reached XP level 13. HP: 117/117 MP: 12/12
 17037 | D:11     | Identified the +4 scale mail of Elyvilon's Envy {Dex+4}
 18013 | D:3      | Bought a scroll of acquirement for 520 gold pieces
 18013 | D:3      | Acquired a +2 tower shield of reflection
 18025 | D:3      | Acquired the ring "Madoy" {Fly rN+ rCorr Dex-2 Stlth+}
 18298 | Lair:1   | Entered Level 1 of the Lair of Beasts
 18535 | Lair:1   | Found a runed translucent gate.
 18536 | Lair:1   | Found a runed translucent gate.
 18537 | Lair:1   | Found a runed translucent gate.
 18537 | Lair:1   | Noticed BobbyCarnage's ghost (novice DsGl)
 18604 | Lair:1   | Killed BobbyCarnage's ghost
 18696 | Lair:1   | Reached skill level 12 in Shields
 19208 | Lair:1   | You are sucked into a shaft and drop 1 floor!
 19260 | Lair:2   | Found a dark tunnel.
 19277 | Volcano  | Entered a volcano
 19351 | Volcano  | Cast into level 2 of the Abyss (a wizard)
 19525 | Abyss:2  | Gained mutation: Your spells are a little easier to cast,
                  | but a little less powerful. [a neqoxec]
 19540 | Volcano  | Escaped the Abyss
 19616 | Volcano  | Reached skill level 13 in Shields
 20120 | Lair:2   | Reached skill level 14 in Shields
 20254 | Lair:2   | Reached **** piety under Trog
 21631 | Lair:3   | Found a staircase to the Swamp.
 21654 | Lair:3   | Reached skill level 15 in Shields
 21805 | Lair:3   | Found a staircase to the Snake Pit.
 22553 | Lair:4   | Reached XP level 14. HP: 125/125 MP: 13/13
 22662 | Lair:4   | Found a blossoming altar of Fedhas.
 22955 | Lair:4   | Found a runed translucent door.
 22956 | Lair:4   | Noticed sojurn's ghost (adept MiBe)
 22956 | Lair:4   | Identified the +8 trident "Yprourph" {vorpal, rF+ rCorr
                  | Dex+2}
 23603 | Lair:4   | Killed sojurn's ghost
 23619 | Lair:4   | Reached skill level 1 in Staves
 24195 | Lair:5   | Reached skill level 1 in Bows
 24510 | Lair:5   | Reached skill level 10 in Dodging
 24535 | Lair:5   | Reached skill level 1 in Slings
 24561 | Lair:5   | Reached skill level 1 in Throwing
 24658 | Lair:5   | Noticed Snorg
 24672 | Lair:5   | Killed Snorg
 25540 | Lair:6   | Entered Level 6 of the Lair of Beasts
 25551 | Lair:6   | Found a staircase to the Slime Pits.
 25623 | Lair:6   | Reached ***** piety under Trog
 25736 | Lair:6   | Noticed Kirke
 25762 | Lair:6   | Killed Kirke
 25885 | Lair:6   | Found a shimmering altar of Xom.
 26129 | Lair:6   | Reached XP level 15. HP: 123/132 MP: 14/14
 26315 | Lair:6   | Found a corrupted altar of Lugonu.
 26315 | Lair:6   | Found a one-way gate to the infinite horrors of the Abyss.
 26330 | Lair:6   | Identified the +6 great sword "Xaphosij" {vorpal, Int+3
                  | Stlth+}
 26763 | Lair:6   | Received a gift from Trog
 26833 | Lair:6   | Found a runed translucent gate.
 26833 | Lair:6   | Found a runed translucent gate.
 26833 | Lair:6   | Found a runed translucent gate.
 26837 | Lair:6   | Noticed a11behringer's ghost (journeyman MiFi)
 26837 | Lair:6   | Noticed Zdeegee's ghost (journeyman SpBr)
 26860 | Lair:6   | Killed Zdeegee's ghost
 26867 | Lair:6   | Killed a11behringer's ghost
 26881 | Lair:6   | Identified the +6 arbalest of Teyfet {freeze, Dex+2}
 27359 | Orc:1    | Entered Level 1 of the Orcish Mines
 28138 | Orc:2    | Entered Level 2 of the Orcish Mines
 28141 | Orc:2    | Found Kianurph's General Store.
 28484 | Orc:2    | Found Verorav's Antique Weapon Boutique.
 28504 | Orc:2    | Noticed an orc warlord
 28834 | Orc:1    | Killed an orc warlord
 29041 | Orc:2    | Found a staircase to the Elven Halls.
 29194 | Orc:2    | Found Jinnes's Antique Armour Shop.
 29486 | Orc:2    | Found Dioteutz's Jewellery Boutique.
 29647 | Elf:1    | Entered Level 1 of the Elven Halls
 30219 | D:12     | Identified the +6 long sword "Lifebane" {holy, rPois}
 30571 | D:12     | Found Jyusauck's General Store.
 30582 | D:12     | Bought a scroll of acquirement for 520 gold pieces
 30582 | D:12     | Acquired a manual of Armour
 31778 | D:13     | Found Molugeg's Magic Scroll Shoppe.
 31967 | D:13     | Reached skill level 15 in Armour
 32374 | D:13     | Reached skill level 15 in Fighting
 32564 | D:14     | Noticed Urug
 32564 | D:14     | Found a gate to the Vaults.
 32576 | D:14     | Reached XP level 16. HP: 133/149 MP: 15/15
 32579 | D:14     | Killed Urug
 33683 | D:15     | Entered Level 15 of the Dungeon
 33946 | D:15     | Noticed Josephine
 33961 | D:15     | Killed Josephine
 34509 | D:15     | Found a staircase to the Depths.
 35777 | Swamp:1  | Entered Level 1 of the Swamp
 35817 | Swamp:1  | Noticed Frances
 36051 | Swamp:1  | Noticed a thorn hunter
 36095 | Swamp:1  | Killed a thorn hunter
 36447 | Swamp:1  | Noticed Louise
 37097 | Lair:3   | Killed Louise
 38051 | Swamp:1  | Killed Frances
 39371 | Swamp:2  | Reached XP level 17. HP: 150/165 MP: 16/16
 39684 | Swamp:2  | Reached skill level 16 in Shields
 40110 | Swamp:2  | Noticed a tentacled monstrosity
 40166 | Swamp:2  | Killed a tentacled monstrosity
 41108 | Swamp:3  | Identified the +0 buckler "Motian" {Rampage}
 41284 | Swamp:3  | Found a shadowy altar of Dithmenos.
 41293 | Swamp:3  | Reached skill level 17 in Shields
 41709 | Swamp:4  | Entered Level 4 of the Swamp
 42090 | Swamp:4  | Noticed a tentacled monstrosity
 42103 | Swamp:4  | Killed a tentacled monstrosity
 42961 | Swamp:4  | Reached skill level 18 in Shields
 44332 | Swamp:4  | Got a decaying rune of Zot
 44729 | Snake:1  | Entered Level 1 of the Snake Pit
 44788 | Snake:1  | Reached skill level 15 in Long Blades
 45363 | Snake:1  | Reached XP level 18. HP: 175/178 MP: 17/17
 45680 | Snake:1  | Noticed Donald
 45698 | Snake:1  | Killed Donald
 45971 | Snake:2  | Identified the ring of Contentment {Fly Will+ Str+6}
 48037 | Snake:3  | Found Onaotiyh's Antique Armour Boutique.
 48037 | Snake:3  | Found Plog's Antique Armour Shop.
 48042 | Snake:3  | Found Uria's Armour Boutique.
 48063 | Snake:3  | Bought a pair of runed boots for 195 gold pieces
 49750 | Snake:4  | Entered Level 4 of the Snake Pit
 50732 | Snake:4  | Noticed Nikola
 50751 | Snake:4  | Killed Nikola
 50773 | Snake:4  | Noticed Vashnia
 50796 | Snake:4  | Reached XP level 19. HP: 181/191 MP: 18/18
 50814 | Snake:4  | Killed Vashnia
 51194 | Snake:4  | Got a serpentine rune of Zot
 52725 | Elf:1    | You are sucked into a shaft and drop 1 floor!
 52729 | Elf:2    | Paralysed by an air elemental for 1 turns
 52733 | Elf:2    | Paralysed by an air elemental for 1 turns
 52740 | Elf:2    | Paralysed by an air elemental for 1 turns
 52753 | Elf:2    | Reached skill level 19 in Shields
 52940 | Elf:2    | Found a runed translucent gate.
 52940 | Elf:2    | Found a runed translucent gate.
 52940 | Elf:2    | Found a runed translucent gate.
 53083 | Elf:2    | Found Mianoet's Antique Armour Emporium.
 53806 | Elf:1    | Reached skill level 20 in Shields
 54256 | Elf:1    | Paralysed by an air elemental for 1 turns
 54287 | Elf:1    | Paralysed by an air elemental for 1 turns
 54302 | Elf:1    | Reached skill level 21 in Shields
 55880 | Elf:3    | Entered Level 3 of the Elven Halls
 55906 | Elf:3    | Reached skill level 22 in Shields
 55955 | Elf:3    | Found a flickering gateway to a bazaar.
 55960 | Bazaar   | Entered a bazaar
 56121 | Bazaar   | Found Uprumm's Assorted Antiques.
 56159 | Bazaar   | Found Qureti Terr's Armour Shop.
 56183 | Bazaar   | Found Waima's Magic Scroll Boutique.
 56183 | Bazaar   | Found Azorche's Distillery.
 56197 | Bazaar   | Bought a scroll of fear for 38 gold pieces
 56197 | Bazaar   | Bought a scroll of enchant armour for 82 gold pieces
 56331 | Elf:3    | Noticed Roxanne
 56348 | Elf:3    | Killed Roxanne
 56669 | Elf:3    | Reached XP level 20. HP: 199/199 MP: 19/19
 57449 | Elf:3    | Reached skill level 23 in Shields
 57469 | Elf:3    | Identified the ring "Bazukli" {Contam Fly Str+4}
 58236 | Elf:3    | Identified the +12 long sword of the Elven Halls {drain,
                  | rElec rCorr Dex+4 Stlth+}
 58236 | Elf:3    | Identified the +1 robe of Ajozyeq {Harm Fly rCorr}
 58242 | Elf:3    | Reached skill level 1 in Maces & Flails
 58300 | Elf:3    | Got the Disquisition on Destructive Execration
 58427 | Elf:3    | Found the +8 trident of the Octopus King {venom, rElec
                  | rPois Will+}
 58442 | Elf:3    | Identified the +4 mace of the Iron City of Dis {speed,
                  | Contam Str+7 Int+3}
 58974 | D:12     | Upgraded the game from 0.28-a0-828-g0121872642 to
                  | 0.28-a0-834-g1a73be5ee4
 59086 | Vaults:1 | Entered Level 1 of the Vaults
 59235 | Vaults:1 | Reached skill level 24 in Shields
 59759 | Vaults:1 | Identified the +6 great mace "Mizoi" {freeze, rCorr Int+4}
 59789 | Vaults:1 | Reached skill level 25 in Shields
 61089 | Vaults:2 | Reached skill level 15 in Dodging
 61133 | Vaults:2 | Found a large runed translucent door.
 61133 | Vaults:2 | Found a large runed translucent door.
 61133 | Vaults:2 | Noticed Xafer's ghost (adept DsGl)
 61133 | Vaults:2 | Noticed Gemof's ghost (adept DjWz)
 61179 | Vaults:2 | Killed Xafer's ghost
 61180 | Vaults:2 | Reached XP level 21. HP: 206/206 MP: 20/20
 61190 | Vaults:2 | Killed Gemof's ghost
 61427 | Vaults:2 | Found Agikaq's Antique Armour Shop.
 61459 | Vaults:2 | Bought a pair of pitted gloves for 427 gold pieces
 61459 | Vaults:2 | Identified the +1 pair of gloves of Action {rN++ Will+}
                  | (You bought it in a shop on level 2 of the Vaults)
 62633 | Vaults:3 | Found a magical portal.
 62641 | WizLab   | Entered Zonguldrok's Shrine
 63023 | WizLab   | Noticed an antique lich
 63035 | WizLab   | Killed an antique lich
 63367 | WizLab   | Found the +9 sword of Zonguldrok {reap}
 63936 | Vaults:3 | Received a gift from Trog
 64103 | Vaults:3 | Noticed Aizul
 64144 | Vaults:3 | Killed Aizul
 64485 | Vaults:3 | Received a gift from Trog
 64639 | Vaults:3 | Found a staircase to the Crypt.
 65180 | Crypt:1  | Entered Level 1 of the Crypt
 67213 | Crypt:2  | Reached XP level 22. HP: 207/214 MP: 21/21
 67657 | Crypt:3  | Entered Level 3 of the Crypt
 68255 | Crypt:3  | Found a staircase to the Tomb.
 68436 | Crypt:3  | Noticed a curse toe
 68779 | Crypt:3  | Killed a curse toe
 69260 | Crypt:3  | Noticed a dread lich
 69277 | Crypt:3  | Noticed a dread lich
 69291 | Crypt:3  | Identified the +0 rapier of Ruciggin {freeze, Dex+3}
 69291 | Crypt:3  | Killed a dread lich
 69307 | Crypt:3  | Killed a dread lich
 69310 | Crypt:3  | Identified the +8 scimitar of Oza Govi {vamp, rPois Dex+2}
 69320 | Crypt:3  | Identified the amulet of Ramures {Reflect rC+ SH+5}
 69325 | Crypt:3  | Identified the ring "Usmed" {rCorr Int+4}
 69328 | Crypt:3  | Identified the ring "Urghaf" {rPois rN+ Dex-4 SInv}
 69328 | Crypt:3  | Identified the ring "Zyuqaenu" {Fly rN+ Dex+4}
 69648 | Vaults:4 | Found Ugoqil's Jewellery Shoppe.
 69660 | Vaults:4 | Found Ahoosesu's Jewellery Shop.
 69669 | Vaults:4 | Found Cihiby's Jewellery Boutique.
 69738 | Vaults:4 | Found a flickering gateway to a bazaar.
 69755 | Bazaar   | Entered a bazaar
 69755 | Bazaar   | Found Riypp's General Store.
 69755 | Bazaar   | Found Botemuxi's Jewellery Boutique.
 69755 | Bazaar   | Found Pockyduf's Assorted Antiques.
 69755 | Bazaar   | Found Justed's General Store.
 69757 | Bazaar   | Found Qees's Armour Shop.
 69823 | Bazaar   | Bought a scroll of enchant weapon for 52 gold pieces
 69961 | Vaults:4 | Found Qoimp's Antique Weapon Shop.
 71213 | Vaults:4 | Bought the ring of the Establishment {rCorr Str+6 SInv} for
                  | 884 gold pieces
 71718 | Depths:1 | Entered Level 1 of the Depths
 71761 | Depths:1 | Found a shimmering altar of Xom.
 71801 | Depths:1 | Noticed Saint Roka
 72250 | Depths:1 | Killed Saint Roka
 72699 | Depths:1 | You are sucked into a shaft and drop 1 floor!
 73121 | Depths:2 | Slain by a quicksilver dragon simulacrum

Illustrated notes

Levels and vault maps discovered:
D:1:      lightli_arrival_flooded_house, layout_basic,
          ebering_ecumenical_altar_abandoned, lemuel_old_faithful
D:2:      cheibrodos_old_hovel, layout_loops_ring, uniq_sigmund
D:3:      layout_basic, serial_shops, shop
D:4:      layout_cave_pools, chequers_serial_rivers_room_a
D:5:      layout_basic, lemuel_crystal_altar, minmay_temple_entry_sparse_star,
          minmay_a_box_with_orc_wizards_in_it, uniq_grinder
D:6:      layout_cave_pools, mainiacjoe_overflow_divided_tiny, serial_shops,
          shop_fountains, uniq_blork_the_orc, uniq_menkaure,
          uniq_prince_ribbit1, uniq_maggie
D:7:      layout_cave_pools, enter_bailey_3, minmay_misc_feat_alley
D:8:      layout_rooms, serial_shops, nicolae_square_shop
D:9:      layout_irregular_city, due_lair_maze_entry_diamond
D:10:     layout_roguey, billiards_dpeg, uniq_joseph
D:11:     nzn_winding_woodlands_large [nzn_winding_woodlands_5x5_checkerboard,
          nzn_winding_woodlands_5x15_zeroes, nzn_winding_woodlands_5x5_three,
          nzn_winding_woodlands_center_pierced_h,
          nzn_winding_woodlands_15x15_five_gardens,
          nzn_winding_woodlands_center_diamonds,
          nzn_winding_woodlands_5x5_open_star,
          nzn_winding_woodlands_5x15_parted,
          nzn_winding_woodlands_5x5_perimeter], layout_irregular_city,
          gauntlet_entry_generic, amcnicky_mini_pool_small
D:12:     layout_layer_cave, serial_shops, shop, nicolae_benzene_ring
D:13:     layout_basic, serial_shops, nicolae_shop_crystal, minivault_28
D:14:     minmay_inner_zag, layout_rooms, david_vaults_3, hex_tiny, minivault_20
D:15:     hangedman_depths_entry_try_elsewhere_first, layout_gridville,
          serial_bayou_ford_a, uniq_josephine
Lair:1:   layout_cave_shapes, ebering_ghost_rock_garden, serial_bayou_shore_a,
          grunt_megastairs_2
Lair:2:   minmay_lair_oklob_chamber, layout_chaotic_city, enter_volcano_2,
          serial_bayou_shore_b, grunt_megastairs_5
Lair:3:   layout_hall_layers, swamp_mist, minmay_snake_entry_guardpost_medium
Lair:4:   layout_cave_pods, basic_altar, ebering_ghost_funeral_grove
Lair:5:   layout_cave_pods, special_room [special_room_mythical_zoo],
          lemuel_fruit_tree, uniq_snorg
Lair:6:   hellmonk_lair_end_abyssal_woods, layout_big_grid,
          nicolae_slime_entry_slimehenge, gammafunk_ghost_cemetery, st_stairs_7,
          lemuel_oklob_altar, uniq_urug, uniq_kirke
Swamp:1:  layout_falls_marsh, infiniplex_staircase_pool, swamp_pool3,
          uniq_louise, uniq_frances
Swamp:2:  cheibrodos_swamp_monstrosity, layout_basic_swamp,
          hangedman_swamp_diagram, swamp_pool2, infiniplex_staircase_pool_2
Swamp:3:  nicolae_swamp_secret_spriggan_hideout, layout_basic_swamp,
          lemuel_altar_in_water
Swamp:4:  swamp_alternative, layout_basic_swamp
Snake:1:  layout_rooms, special_room, nicolae_snake_gridmaze_waves, uniq_donald
Snake:2:  layout_layer_cave, nicolae_snake_salamander_stairs
Snake:3:  layout_layer_cave, nicolae_snake_omega, minmay_shop_star
Snake:4:  snake_pit, layout_cave_pods, uniq_vashnia, uniq_nikola
Orc:1:    layout_caves, special_room [special_room_orc], mines1_david
Orc:2:    grunt_orc_gardens, layout_caves, grunt_orc_garden, grunt_orc_garden,
          grunt_orc_garden, grunt_orc_garden, basic_altar, minmay_orc_keep
Elf:1:    nicolae_elf_arrival_fired_up, layout_geoelf_octagon,
          hangedman_elf_represent
Elf:2:    elven_hall_of_blades_hangedman_original [nicolae_blade_tridents],
          layout_rooms, serial_shops, nicolae_shop_trees,
          kilobyte_mutagenic_chamber
Elf:3:    minmay_elf_hall_not_hex, layout_onion_city, serial_shops,
          bzr_entry_dummy, grunt_megastairs_4, uniq_roxanne
Vaults:1: v_pattern_5, nicolae_vaults_three_branches, hangedman_vaults_cutoff,
          vaults_room_fancy_cross, v_misc_4, v_alt_pattern_6,
          ontoclasm_vaults_eye, vaults_room_octagon,
          nicolae_vaults_little_squares_3, layout_vaults_omnibox
Vaults:2: advil_vaults_ghost_guards, nicolae_vaults_puzzle_piece,
          v_alt_pattern_1, v_alt_pattern_6, v_misc_24, vaults_room_fours,
          vaults_dpeg_diagonal, hangedman_vaults_impose, vaults_room_fours,
          nicolae_vaults_network_s, v_misc_27, layout_vaults_big_cross,
          serial_shops, shop
Vaults:3: infiniplex_enter_wizlab_glasses, v_alt_pattern_5,
          hangedman_vaults_restitches, nicolae_vaults_an_arrangement,
          nicolae_vaults_little_ls, minmay_crypt_entry_simple_round,
          vaults_room_semicircle, nicolae_vaults_little_squares_1,
          dpeg_vaults_monster_box, ontoclasm_vaults_idyll,
          layout_vaults_chaotic_city, uniq_aizul
Vaults:4: nicolae_vaults_specimen_jars, v_misc_28, dpeg_vaults_monster_row,
          vaults_mumra_chevron, vaults_mumra_chevron_long,
          ontoclasm_vaults_ligature, vaults_dpeg_spiral,
          nicolae_vaults_c_with_doors, layout_vaults_omnigrid, serial_shops,
          bzr_entry_lakeside, nicolae_lakefront_shop, shop_fountains, shop, shop
Crypt:1:  layout_misc_corridors, minmay_strange_pillars
Crypt:2:  layout_rooms, grunt_ministairs_2
Crypt:3:  david_glass_crypt, layout_basic, tomb_entry_forgotten_bobbens
Depths:1: layout_gridlike, lemuel_statue_altar, hangedman_tar_grid_catacomb,
          brannock_xom_greatest_gift, hangedman_decor_cross_pass,
          uniq_saint_roka
Depths:2: lemuel_river_lethe, pan_entry, serial_shops, hell_entry

Skill      XL: |  1  2  3  4  5  6  7  8  9 10 11 12 13 14 15 16 17 18 19 20 21 22 |
---------------+-------------------------------------------------------------------+-----
Fighting       | 4 5 7 8 9 10 11 15 18 20 21 | 21.7
Axes           | 4 5 6 7 9 |  9.7
Armour         | 4 5 6 7 9 10 12 15 20 | 20.0
Dodging        | 3 4 5 6 13 14 15 20 22 | 22.6
Stealth        | 1 2 |  2.7
Long Blades    | 7 10 12 14 15 18 20 | 20.1
Shields        | 5 8 11 15 18 22 25 | 25.6
Staves         | 1 |  1.5
Bows           | 1 |  1.0
Slings         | 1 |  1.0
Throwing       | 1 |  1.1
Maces & Flails | 1 |  1.1
Crossbows      | |  0.7
Invocations    | |  0.5
Evocations     | |  0.1

Action                   |  1- 3 |  4- 6 |  7- 9 | 10-12 | 13-15 | 16-18 | 19-21 | 22-24 || total
-------------------------+-------+-------+-------+-------+-------+-------+-------+-------++-------
Melee: Hand axe          |    60 |   112 |   128 |       |       |       |       |       ||   300
       Headbutt          |     7 |    16 |    35 |    99 |   314 |   458 |   654 |   278 ||  1861
       Scimitar          |       |       |    93 |   444 |  1300 |  1611 |   593 |       ||  4041
       Long sword        |       |       |       |       |       |       |  1228 |   673 ||  1901
       Morningstar       |       |       |       |       |       |       |     4 |       ||     4
Invok: Berserk           |     1 |     7 |    12 |    19 |    13 |    16 |     3 |       ||    71
       Trog's Hand       |     1 |     4 |    14 |    31 |    46 |    99 |    91 |    21 ||   307
       Brothers in Arms  |       |       |       |       |       |       |     2 |     5 ||     7
Evoke: Wand              |       |     6 |       |       |       |       |       |       ||     6
  Use: Scroll            |       |     3 |     1 |     8 |    15 |    16 |     5 |    11 ||    59
       Potion            |       |       |     2 |     3 |     5 |     2 |     6 |    10 ||    28
 Stab: Paralysed         |       |       |       |       |     2 |       |       |       ||     2
       Invisible         |       |       |       |       |     2 |     3 |       |       ||     5
       Confused          |       |       |       |       |       |     1 |       |       ||     1
       Petrified         |       |       |       |       |       |     1 |       |       ||     1
Armor: Animal skin       |     5 |       |       |       |       |       |       |       ||     5
       Ring mail         |    15 |    50 |    45 |       |       |       |       |       ||   110
       Steam dragon scal |       |       |    56 |    29 |       |       |       |       ||    85
       Chain mail        |       |       |       |   110 |       |       |       |       ||   110
       Plate armour      |       |       |       |    57 |       |       |       |       ||    57
       Crystal plate arm |       |       |       |   100 |   602 |  1243 |   486 |   191 ||  2622
Dodge: Dodged            |    55 |    71 |   172 |   153 |   202 |   595 |   474 |   249 ||  1971
Block: Kite shield       |       |       |       |   233 |    12 |       |       |       ||   245
       Tower shield      |       |       |       |       |  1276 |  2311 |  2204 |   787 ||  6578
       Reflection        |       |       |       |       |    23 |   155 |   163 |     2 ||   343

Table legend: (Time is in decaauts)
 A = Elapsed time spent in this place.
 B = Non-inter-level travel time spent in this place.
 C = Inter-level travel time spent in this place.
 D = Time resting spent in this place.
 E = Time spent auto-exploring this place.
 F = Levels seen in this place.
 G = Mean time per level.
                   A        B        C        D        E       F      G
               +--------+--------+--------+--------+--------+-----+--------+
         Total |  72790 |  50954 |  21836 |  21097 |  14494 |  50 | 1455.8 |
       Dungeon |  23833 |  18110 |   5723 |   8149 |   6164 |  15 | 1588.9 |
          Lair |  11138 |   7647 |   3491 |   3129 |   2829 |   6 | 1856.3 |
         Swamp |   6624 |   5312 |   1312 |   2980 |   1048 |   4 | 1656.0 |
     Snake Pit |   6892 |   4422 |   2470 |   1450 |   1472 |   4 | 1723.0 |
  Orcish Mines |   3184 |   2273 |    911 |    928 |    816 |   2 | 1592.0 |
   Elven Halls |   5730 |   3373 |   2357 |   1281 |    473 |   3 | 1910.0 |
        Vaults |   6941 |   2916 |   4025 |    404 |   1126 |   4 | 1735.2 |
         Crypt |   4171 |   2833 |   1338 |   1358 |    320 |   3 | 1390.3 |
        Depths |    982 |    775 |    207 |    322 |    109 |   2 |  491.0 |
         Abyss |    187 |    187 |      0 |      0 |      0 |   1 |  187.0 |
        Bazaar |    371 |    371 |      0 |    156 |      0 |   2 |  185.5 |
        Bailey |    527 |    527 |      0 |    195 |      0 |   1 |  527.0 |
       Volcano |    392 |    392 |      0 |      0 |    123 |   1 |  392.0 |
        Wizlab |    855 |    855 |      0 |    300 |     14 |   1 |  855.0 |
      Gauntlet |    957 |    957 |      0 |    442 |      0 |   1 |  957.0 |
               +--------+--------+--------+--------+--------+-----+--------+

Top non-repeatable levels by time:
     D:1: 4074 daAuts
  Lair:3: 3426 daAuts
 Swamp:3: 2387 daAuts
   Elf:3: 2356 daAuts
 Snake:2: 2214 daAuts
   Elf:2: 2102 daAuts
    D:15: 2099 daAuts
     D:5: 2081 daAuts
Vaults:2: 2035 daAuts
Vaults:3: 1847 daAuts
    D:11: 1837 daAuts
 Snake:4: 1820 daAuts
  Lair:4: 1739 daAuts
   Orc:1: 1738 daAuts
 Snake:3: 1716 daAuts
